AoeStats
← CansadoTarde

Arena

510911012Analyzed
2v2 RM · 10h ago on Oct 3, 2026· 38m 8s· 4 players
Game mode
Random Map
Map size
Medium (4 player)
Population
200
Speed
Normal
Resources
Standard
Victory
Conquest
Starting age
Dark Age
Ending age
Imperial Age
RankedLock teamsTeams togetherTeam positionsShared explorationLock speedFull tech treeHidden civsTurbo modeCheats
Victory
Defeat
🇦🇷 Slavs · Argentina
1487
+13
🇱🇹 Bohemians · Lithuania
1483
+14
🇳🇿 Turks · New Zealand
1469
-15
🇳🇿 Goths · New Zealand
1393
-12
Red Pill Bill
10:46 Feudal Age
14:37 Castle Age
12:51 Double-Bit Axe
12:49 Horse Collar
20:27 Bow Saw
23:49 Loom
37:46 Wheelbarrow
Snonk
11:44 Feudal Age
15:31 Castle Age
13:33 Loom
13:35 Double-Bit Axe
13:31 Horse Collar
16:50 Bow Saw
18:50 Wheelbarrow
21:13 Man-at-Arms
21:56 Scale Mail Armor
22:39 Heavy Plow
22:54 Pikeman
26:29 Chain Mail Armor
27:29 Forging
28:20 Gold Mining
28:20 Stone Mining
29:04 Hand Cart
29:23 Fletching
30:50 Bodkin Arrow
33:57 Imperial Age
32:20 Scale Barding Armor
33:30 Chain Barding Armor
34:10 Bloodlines
34:57 Bracer
35:14 Cavalier
37:41 Iron Casting
37:29 Halberdier
CansadoTarde
10:21 Feudal Age
13:59 Castle Age
12:24 Double-Bit Axe
12:33 Horse Collar
13:59 Bloodlines
13:43 Loom
17:04 Bow Saw
16:42 Loom
21:41 Scale Barding Armor
27:36 Wheelbarrow
28:30 Fletching
32:51 Fletching
34:32 Bodkin Arrow
37:42 Hand Cart
tiesiogsaras
5:03 Loom
10:42 Feudal Age
11:30 Double-Bit Axe
14:26 Castle Age
15:19 Bow Saw
15:07 Horse Collar
15:56 Horse Collar
19:51 Wheelbarrow
21:56 Chemistry
21:52 Padded Archer Armor
25:26 Leather Archer Armor
30:29 Imperial Age
30:11 Heavy Plow
32:06 Coinage
32:18 Houfnice
32:24 Houfnice
37:52 Pikeman
Connection lost

Rejoining the realm…

Still unreachable

The connection could not be restored.

Session expired

The server has moved on; the page needs a fresh start.